 Dungeon Crawl Stone Soup version 0.23.1 (webtiles) character file.

Game seed: 15733646389834606813

36 Norn the Poker (level 3, -4/28 HPs)
             Began as a Merfolk Skald on Mar 7, 2019.
             Slain by Sigmund
             ... wielding a +0 scythe
              (6 damage)
             ... on level 1 of the Dungeon.
             The game lasted 00:02:40 (1591 turns).

Norn the Poker (Merfolk Skald)                      Turns: 1591, Time: 00:02:41

Health: -4/28      AC:  3    Str: 12    XL:     3   Next: 37%
Magic:  5/6        EV: 13    Int: 12    God:
Gold:   62         SH:  0    Dex: 13    Spells: 3/6 levels left

rFire    + . .     SeeInvis .   a - +0 spear
rCold    + . .     Gourm    .   (no shield)
rNeg     . . .     Faith    .   b - +0 leather armour
rPois    +         Spirit   .   (no helmet)
rElec    +         Reflect  .   (no cloak)
rCorr    +         Harm     .   (no gloves)
MR       .....                  (no boots)
Stlth    +.........             (no amulet)
HPRegen  0.09/turn              (no ring)
MPRegen  0.10/turn              (no ring)

@: resistant, infused (expiring)
A: change form in water, swift swim, stealthy swim
a: no special abilities


You were on level 1 of the Dungeon.
You were very hungry.

You visited 1 branch of the dungeon, and saw 2 of its levels.

You collected 62 gold pieces.

Inventory:

Hand Weapons
 a - a +0 spear (weapon)
Armour
 b - a +0 leather armour (worn)
Jewellery
 d - an uncursed ring of ice {unknown}
   (You found it on level 1 of the Dungeon)
 j - a cursed -2 ring of dexterity {unknown}
   (You found it on level 2 of the Dungeon)
Scrolls
 g - 4 scrolls of identify {unknown}
 h - 2 scrolls of remove curse {unknown}
 k - a scroll of enchant armour {unknown}
Potions
 c - a potion of brilliance {unknown}
 f - a potion of resistance
 i - 2 potions of haste {unknown}
Comestibles
 e - 3 rations {!d}


   Skills:
 + Level 2.6 Fighting
 * Level 4.1 Polearms
 - Level 0.6 Armour
 + Level 3.2 Dodging
 - Level 2.0 Spellcasting
 + Level 3.6 Charms


You had 3 spell levels left.
You knew the following spells:

 Your Spells              Type           Power        Failure   Level  Hunger
a - Infusion              Chrm           #...         8%          1    ##.....
w - Song of Slaying       Chrm           #.......     12%         2    ###....

Your spell library contained the following spells:

 Spells                   Type           Power        Failure   Level  Hunger
 Shroud of Golubria       Chrm/Tloc      #.........   26%         2    ###....
 Regeneration             Chrm/Necr      #.........   45%         3    ####...
 Spectral Weapon          Hex/Chrm       #.......     45%         3    ####...


Dungeon Overview and Level Annotations

Branches:
Dungeon (2/15)

Altars:
Qazlal

Annotations:
D:1 Sigmund


Message History

You now have 45 gold pieces (gained 10).
You now have 56 gold pieces (gained 11).
Found 6 gold pieces.
You now have 62 gold pieces (gained 6).
Found a stone staircase leading up.
Found a stormy altar of Qazlal.
A frilled lizard comes into view.
The frilled lizard hisses angrily.
Found a pearl ring.
A frilled lizard is nearby!
You closely miss the frilled lizard. The frilled lizard barely misses you.
You closely miss the frilled lizard. The frilled lizard bites you.
You closely miss the frilled lizard. The frilled lizard closely misses you.
You closely miss the frilled lizard.
The frilled lizard bites you but does no damage.
You hit the frilled lizard. The frilled lizard bites you.
You hit the frilled lizard.
You kill the frilled lizard!
No target in view!
j - a pearl ring
There is a stone staircase leading up here.
Found a scroll labeled UZEF WUORAUFFA.
You are feeling very hungry.
k - a scroll labeled UZEF WUORAUFFA
Found 13 gold pieces.
Sigmund the Dreaded comes into view.
He is wielding a +0 scythe.
There is a stone staircase leading up here.
You start waiting.
Sigmund is too close now for your liking.
You begin infusing your attacks with magical energy.
Sigmund hits you from afar with a +0 scythe!
Attack whom?
Aim: Sigmund, wielding a +0 scythe and wearing a +0 robe You reach to attack!
You hit Sigmund.
There is a stone staircase leading up here.
You closely miss Sigmund. Sigmund hits you with a +0 scythe!
Ouch! That really hurt!
* * * LOW HITPOINT WARNING * * *
You climb upwards.
There is a stone staircase leading down here.
Sigmund hits you from afar with a +0 scythe.
* * * LOW HITPOINT WARNING * * *
Okay, then.
Your magical infusion is running out.
Okay, then.
Okay, then.
It was a potion of resistance.
You feel protected.
Sigmund hits you from afar with a +0 scythe.
You die...

### ####.##
......##################
##..............@.@....#
##....################.#
...#.## #.# ##.#.# #.#
##.#.####### #.#
##.#.##....### #.#
...#.##......# #.#
.....##......###### #.#
....###......)....####.###


You could see Sigmund.

Vanquished Creatures
  3 oozes
  A worm (D:2)
  2 leopard geckos (D:1)
  A giant cockroach (D:1)
  2 goblins (D:1)
  2 hobgoblins (D:1)
  2 jackals (D:1)
  2 frilled lizards
  A kobold (D:1)
  2 rats (D:1)
18 creatures vanquished.

Notes
Turn   | Place    | Note
-------+----------+-------------------------------------------
     0 | D:1      | Norn the Merfolk Skald began the quest for the Orb.
     0 | D:1      | Reached XP level 1. HP: 16/16 MP: 3/3
   132 | D:1      | Reached XP level 2. HP: 3/23 MP: 5/5
   756 | D:1      | Learned a level 2 spell: Song of Slaying
   889 | D:1      | Reached skill level 4 in Polearms
   889 | D:1      | Reached XP level 3. HP: 13/28 MP: 2/6
  1507 | D:2      | Found a stormy altar of Qazlal.
  1566 | D:2      | Noticed Sigmund
  1591 | D:1      | Slain by Sigmund

Skill      XL: |  1  2 |
---------------+-------+-----
Dodging        | 3 |  3.2
Polearms       | 4 |  4.1
Fighting       | |  2.6
Armour         | |  0.6
Spellcasting   | |  2.0
Charms         | |  3.6

Action                   || total
-------------------------++-------
Melee: Spear             ||    85
 Cast: Infusion          ||     3
  Use: Potion            ||     1
  Eat: Chunk             ||     1
Armor: Leather armour    ||    10
Dodge: Dodged            ||    30
